 Dungeon Crawl Stone Soup version 0.24.0-124-g2791043dd8 (webtiles) character file.

Game seed: 12846092408755029619, levelgen mode: deterministic

363 Martska the Charmwright (level 7, -1/52 HPs)
             Began as a Human Skald on Feb 15, 2020.
             Succumbed to a scorpion's poison
             ... on level 5 of the Dungeon.
             The game lasted 00:14:12 (4853 turns).

Martska the Charmwright (Human Skald)               Turns: 4853, Time: 00:14:12

Health: -1/52      AC: -4    Str: 12 (13) XL:     7   Next: 0%
Magic:  5/11       EV: 12    Int: 13 (14) God:
Gold:   232        SH:  0    Dex:  9 (12) Spells: 2/11 levels left

rFire    . . .     SeeInvis +   l - +0 long sword
rCold    . . .     Gourm    .   (no shield)
rNeg     . . .     Faith    .   b - +0 leather armour
rPois    .         Spirit   .   (no helmet)
rElec    .         Reflect  .   (no cloak)
rCorr    .         Harm     .   (no gloves)
MR       .....                  (no boots)
Stlth    +.........             (no amulet)
HPRegen  0.17/turn              d - ring of see invisible
MPRegen  0.12/turn              (no ring)

@: lethally poisoned (-1 -> -32), corroded, very slightly contaminated, hasted,
very quick
A: no striking features
a: no special abilities


You were on level 5 of the Dungeon.
You were hungry.

You visited 1 branch of the dungeon, and saw 5 of its levels.

You collected 232 gold pieces.

Inventory:

Hand Weapons
 a - a +1 falchion
 j - a -3 long sword
 l - a +0 long sword (weapon)
Missiles
 h - 87 stones (quivered)
Armour
 b - a +0 leather armour (worn)
Jewellery
 d - a ring of see invisible (left hand)
 o - an uncursed ring of see invisible
Wands
 g - a wand of enslavement (1)
 p - a wand of clouds (4)
Scrolls
 c - a scroll of teleportation
 e - 2 scrolls of fog
Potions
 i - 2 potions of resistance
 k - a potion of ambrosia {unknown}
 m - a potion of degeneration
Comestibles
 n - 2 rations


   Skills:
 * Level 3.3 Fighting
 * Level 3.5 Long Blades
 + Level 2.1 Armour
 + Level 2.7 Dodging
 + Level 2.7 Spellcasting
 + Level 1.3 Hexes
 + Level 3.5 Charms
 + Level 1.6 Translocations
 + Level 1.2 Evocations


You had 2 spell levels left.
You knew the following spells:

 Your Spells              Type           Power        Failure   Level  Hunger
a - Infusion              Chrm           ##..         7%          1    #......
b - Shroud of Golubria    Chrm/Tloc      #.....       16%         2    ###....
c - Spectral Weapon       Hex/Chrm       #.......     32%         3    ###....
d - Regeneration          Chrm/Necr      #.........   41%         3    ###....

Your spell library contained the following spells:

 Spells                   Type           Power        Failure   Level  Hunger
 Song of Slaying          Chrm           ##......     11%         2    ###....


Dungeon Overview and Level Annotations

Branches:
Dungeon (5/15)
 Temple: D:4-7

Altars:
Cheibriados
Trog
Uskayaw

Annotations:
D:2 Sigmund
D:4 Grinder


Message History

The scorpion is moderately wounded.
You feel sick.
Your spectral weapon hits the scorpion!
The scorpion stings you!
* * * LOW HITPOINT WARNING * * *
You are lethally poisoned!
The scorpion poisons you!
You hit the scorpion but do no damage.
The scorpion is severely wounded.
* * * LOW HITPOINT WARNING * * *
You feel very sick.
Your spectral weapon hits the scorpion.
The scorpion stings you!
* * * LOW HITPOINT WARNING * * *
You are more poisoned.
The scorpion poisons you!
It was a potion of haste.
You feel yourself speed up.
* * * LOW HITPOINT WARNING * * *
You feel sick. The scorpion closely misses you.
It was a potion of degeneration.
There was something very wrong with that liquid.
You feel weakened.
You feel dopey.
You feel clumsy.
You die...

#..##.## ..# #......###.# #
#####......#..## ##.
##..............#
#..###...............#
##......##...........###
##.....#.##.######......##
.......<.....#...........#
................@s.........
.................(.........
..........................#
.........................#.
.......#....#.##.....#..##
.....###....###......#....
..... ##.## .......#..##
#........ #........#


You could see a scorpion and a friendly spectral +0 long sword.

Vanquished Creatures
  A howler monkey (D:4)
  2 orc wizards
  2 orc priests
  A worker ant (D:3)
  5 adders
  2 oozes
  4 worms
  A dart slug (D:1)
  2 leopard geckos
  13 orcs
  3 giant cockroaches
  11 goblins
  11 hobgoblins
  4 jackals (D:2)
  8 kobolds
  8 bats
  6 frilled lizards
  A leopard gecko skeleton (D:3)
  10 rats
95 creatures vanquished.

Vanquished Creatures (collateral kills)
  A jelly (D:5)
1 creature vanquished.

Grand Total: 96 creatures vanquished

Notes
Turn   | Place    | Note
-------+----------+-------------------------------------------
     0 | D:1      | Martska the Human Skald began the quest for the Orb.
     0 | D:1      | Reached XP level 1. HP: 16/16 MP: 3/3
    19 | D:1      | Reached XP level 2. HP: 16/22 MP: 0/5
    23 | D:1      | Learned a level 2 spell: Shroud of Golubria
   357 | D:1      | Reached XP level 3. HP: 23/28 MP: 0/6
   362 | D:1      | Learned a level 3 spell: Spectral Weapon
  1017 | D:1      | HP: 1/28 [poisoned by an adder]
  1597 | D:2      | Reached XP level 4. HP: 18/34 MP: 2/7
  2280 | D:2      | Reached skill level 1 in Translocations
  2778 | D:2      | Noticed Sigmund
  2946 | D:3      | Reached XP level 5. HP: 35/39 MP: 2/8
  3326 | D:4      | Reached XP level 6. HP: 39/47 MP: 4/9
  3370 | D:3      | Learned a level 3 spell: Regeneration
  3564 | D:3      | Reached skill level 1 in Hexes
  3821 | D:3      | Found a hide-covered altar of Uskayaw.
  3849 | D:3      | Found a snail-covered altar of Cheibriados.
  4124 | D:3      | Found a bloodstained altar of Trog.
  4401 | D:3      | Reached skill level 1 in Evocations
  4792 | D:4      | Noticed Grinder
  4794 | D:4      | Paralysed by Grinder for 4 turns
  4802 | D:5      | Entered Level 5 of the Dungeon
  4829 | D:5      | Reached XP level 7. HP: 30/52 MP: 11/11
  4852 | D:5      | HP: 1/52 [poisoned by a scorpion]
  4853 | D:5      | Succumbed to a scorpion's poison

Levels and vault maps discovered:
D:1:      eino_arrival_druids_welcome, layout_rooms, minmay_parallelograms
D:2:      layout_rooms, uniq_sigmund
D:3:      layout_basic, overflow_temple_1_default,
          eat_drink_and_be_merry_uskayaw, trog_three_pillars_becter
D:4:      layout_basic, old_standard_altar, uniq_robin, uniq_grinder
D:5:      layout_cave_pools, zin_angel, basic_altar, first_ration

Skill      XL: |  1  2  3  4  5  6 |
---------------+-------------------+-----
Translocations | 1 |  1.6
Long Blades    | 3 |  3.5
Fighting       | 3 |  3.3
Hexes          | 1 |  1.3
Armour         | 2 |  2.1
Evocations     | 1 |  1.2
Dodging        | |  2.7
Spellcasting   | |  2.7
Charms         | |  3.5

Action                   |  1- 3 |  4- 6 |  7- 9 || total
-------------------------+-------+-------+-------++-------
Melee: Falchion          |    99 |   102 |       ||   201
       Long sword        |       |    73 |     3 ||    76
Throw: Stone             |       |    19 |       ||    19
 Cast: Infusion          |     9 |    19 |       ||    28
       Spectral Weapon   |       |     2 |     1 ||     3
Evoke: Wand              |       |     3 |       ||     3
  Use: Scroll            |     3 |     5 |       ||     8
       Potion            |     1 |       |     2 ||     3
  Eat: Ration            |     1 |     2 |       ||     3
       Chunk             |       |     3 |       ||     3
Armor: Leather armour    |    32 |    32 |       ||    64
Dodge: Dodged            |    90 |    95 |     4 ||   189
       Rpst.: Falchion   |    28 |    20 |       ||    48
       Long sword        |       |    14 |     2 ||    16
